Map: Complesso Moebius XX-1

Players

Jhyrachy - Winner!

  • Race: Zerg Zerg
  • League: Gold

PANDERAS - Winner!

  • Race: Zerg Zerg

Kappa - Winner!

  • Race: Zerg Zerg

Gaziol - Winner!

  • Race: Terran Terran

WolfMan

  • Race: Protoss Protoss

snacluv

  • Race: Zerg Zerg

DiscoPurge

  • Race: Terran Terran

AKB

  • Race: Terran Terran

VOD

Have the link to the VOD?

Description

Time

  • Played on: April 24, 2016, 7:35 a.m.
  • Length: 13:30
Show
View Real Time Build Order
Export as new Build Order

Jhyrachy Zerg - Winner!

Build Orders: Hatch First 

Get SALT Encoding   

  12  0:02  Drone  
  13  0:14  Drone  
  14  0:18  Overlord  
  14  0:29  Extractor, Drone  
  14  0:37  Drone x2  
  14  0:38  Extractor  
  17  1:02  Hatchery  
  16  1:09  Extractor  
  15  1:14  Drone x2  
  17  1:24  Drone  
  18  1:37  Drone x2  
  20  1:47  Drone  
  20  1:53  Spawning Pool  
  20  2:19  Drone x2  
  20  2:20  Drone x2  
  24  2:26  Hatchery  
  24  2:27  Overlord  
  23  2:40  Queen x2  
  27  2:45  Drone  
  27  2:46  Drone x2  
  30  3:05  Drone  
  31  3:06  Drone x3  
  31  3:09  Overlord  
  34  3:25  Queen  
  36  3:28  Drone x3  
  36  3:30  Overlord  
  39  3:41  Lair  
  39  3:45  Drone, Extractor  
  39  3:46  Drone  
  39  3:47  Drone x2  
  42  3:53  Extractor  
  42  3:54  Drone x3, Extractor  
  43  3:55  Drone  
  43  3:56  Drone x2  
  43  3:57  Overlord  
  46  4:04  Queen  
  48  4:23  Drone  
  49  4:24  Drone x10  
  49  4:29  Overlord  
  59  4:52  Spire  
  58  4:58  Extractor  
  57  5:00  Extractor  
  57  5:03  Drone x2  
  57  5:04  Drone x2  
  57  5:05  Drone x2  
  57  5:06  Drone  
  57  5:07  Drone x3  
  64  5:08  Drone x2  
  64  5:10  Drone  
  64  5:11  Drone  
  70  5:38  Drone  
  70  5:39  Drone x3  
  70  5:40  Overlord x4  
  74  6:07  Overseer  
  74  6:17  Mutalisk  
  74  6:18  Mutalisk x13  
  102  6:52  Zerg Flyer Weapons Level 1  
  102  6:54  Hatchery  
  102  6:58  Extractor  
  100  8:07  Queen  
  102  8:33  Evolution Chamber  
  101  8:37  Evolution Chamber  
  101  8:41  Infestation Pit  
  99  8:51  Overlord x5  
  99  8:52  Overlord x3  
  99  8:54  Drone  
  99  8:55  Drone x2  
  101  8:56  Drone x5  
  101  8:57  Drone x2  
  109  9:31  Zerg Melee Weapons Level 1  
  109  9:32  Zerg Ground Armor Level 1  
  109  9:34  Hive  
  109  9:35  Hatchery  
  109  9:38  Queen  
  110  9:50  Zerg Flyer Weapons Level 2  
  110  10:09  Extractor  
  110  10:13  Extractor  
  108  10:52  Drone x3  
  108  10:55  Drone x2  
  108  10:56  Drone  
  114  10:57  Drone x2  
  114  10:58  Drone x4  
  114  10:59  Drone  
  114  11:03  Drone x4  
  114  11:04  Drone x4  
  129  11:13  Ultralisk Cavern  
  129  11:15  Pneumatized Carapace  
  129  11:17  Burrow  
  129  11:18  Metabolic Boost  
  102  12:04  Ultralisk x6  
  102  12:05  Ultralisk x7  
  178  12:09  Chitinous Plating  
Show
View Real Time Build Order
Export as new Build Order

PANDERAS Zerg - Winner!

Build Orders: Pool First 

Get SALT Encoding   

  12  0:02  Drone  
  13  0:09  Drone  
  14  0:28  Spawning Pool  
  13  0:29  Extractor  
  13  0:31  Drone  
  13  0:45  Drone  
  14  1:08  Overlord  
  14  1:12  Extractor  
  13  1:23  Hatchery  
  12  1:40  Zergling x6  
  15  1:49  Queen  
  17  2:05  Metabolic Boost  
  17  2:07  Zergling x2  
  18  2:11  Zergling x2  
  19  2:24  Drone  
  16  3:48  Drone x2  
  16  3:49  Drone  
  18  4:29  Lair  
  19  4:31  Drone x3  
  21  4:44  Drone x5  
  26  4:46  Drone  
  26  4:50  Extractor  
  26  4:52  Queen  
  26  4:53  Extractor  
  26  4:54  Overlord  
  26  4:59  Overlord x3  
  27  5:00  Overlord  
  27  5:30  Spire  
  27  5:31  Drone x2  
  27  5:32  Drone  
  27  5:33  Drone  
  27  5:34  Drone x4  
  34  5:49  Zergling x4  
  36  6:07  Zergling x6  
  39  6:22  Drone x2  
  41  6:25  Drone  
  41  6:26  Drone x4  
  46  6:52  Mutalisk x2  
  50  6:56  Zerg Flyer Weapons Level 1  
  50  6:57  Mutalisk  
  50  6:58  Mutalisk x4  
  50  6:59  Mutalisk  
  62  7:28  Mutalisk x3  
  68  7:31  Overlord x2  
  68  8:00  Hatchery, Baneling Nest  
  68  8:02  Mutalisk x2  
  68  8:03  Mutalisk x4  
  78  8:08  Drone x2  
  78  8:09  Drone  
  78  8:10  Drone  
  82  8:34  Infestation Pit  
  82  8:37  Spire  
  80  8:51  Zerg Flyer Armor Level 1  
  80  9:01  Extractor  
  79  9:04  Extractor  
  72  9:35  Baneling  
  72  9:36  Baneling x6  
  72  9:37  Baneling x3  
  72  9:39  Drone x3  
  75  9:46  Hive  
  75  9:57  Zergling x2  
  75  9:58  Zergling x14  
  75  9:59  Zergling x2  
  84  10:04  Drone x2  
  86  10:07  Queen  
  86  10:14  Zergling x4, Overlord x3  
  89  10:15  Overlord  
  90  10:28  Overlord  
  90  10:35  Drone x3  
  92  10:40  Baneling x5  
  92  10:41  Baneling x7  
  92  10:42  Baneling x6  
  93  11:04  Queen  
  93  11:06  Greater Spire  
  93  11:07  Zerg Flyer Weapons Level 2  
  95  11:19  Drone x3  
  95  11:25  Corruptor x3  
  100  11:26  Corruptor x2  
  100  11:28  Zergling x2  
  57  12:13  Baneling x2  
  57  12:21  Zergling x10  
  57  12:22  Zergling x4  
  64  12:23  Zergling x8  
  69  12:30  Zergling x12  
  69  12:31  Zergling x2  
  75  12:42  Baneling x7  
  75  12:43  Baneling x2  
Show
View Real Time Build Order
Export as new Build Order

Kappa Zerg - Winner!

Build Orders: Hatch First 

Get SALT Encoding   

  12  0:02  Drone  
  13  0:09  Drone  
  14  0:23  Overlord  
  14  0:43  Drone x3  
  17  0:56  Hatchery  
  16  1:06  Drone x2  
  18  1:16  Spawning Pool  
  18  1:18  Drone  
  18  1:23  Extractor  
  17  1:45  Drone x2  
  19  1:51  Drone  
  20  1:57  Extractor  
  20  1:58  Drone  
  20  2:02  Queen  
  22  2:10  Overlord  
  22  2:12  Queen  
  22  2:13  Drone  
  25  2:25  Drone  
  26  2:31  Drone  
  26  2:36  Metabolic Boost  
  27  2:43  Drone  
  28  2:46  Lair  
  28  2:48  Queen  
  30  2:53  Drone x3  
  30  2:58  Drone  
  34  3:05  Drone  
  35  3:10  Extractor  
  35  3:12  Extractor  
  33  3:19  Drone x3  
  36  3:20  Overlord  
  36  3:32  Overlord  
  36  3:40  Drone x3  
  39  3:43  Drone x2  
  41  3:48  Spire  
  41  3:55  Drone  
  41  3:58  Drone x2  
  41  3:59  Drone  
  44  4:10  Drone  
  45  4:32  Spire  
  44  4:43  Drone x2  
  46  4:48  Overlord x2  
  46  4:49  Overlord x3  
  46  4:52  Queen  
  48  5:00  Drone x4  
  48  5:01  Overlord  
  48  5:04  Pneumatized Carapace  
  52  5:12  Overseer  
  52  5:17  Zerg Flyer Weapons Level 1  
  52  5:21  Mutalisk  
  52  5:22  Mutalisk x2  
  52  5:24  Mutalisk  
  52  5:25  Mutalisk x2  
  64  5:31  Mutalisk  
  64  5:32  Mutalisk  
  68  5:36  Mutalisk  
  70  6:02  Mutalisk x2  
  70  6:03  Mutalisk  
  76  6:04  Overlord x3  
  76  6:43  Hatchery  
  76  6:45  Mutalisk x4  
  83  6:59  Drone x3  
  83  7:00  Drone x2  
  88  7:06  Drone  
  88  7:07  Drone x3  
  92  7:18  Infestation Pit  
  92  7:21  Evolution Chamber  
  92  7:22  Zerg Flyer Armor Level 1  
  90  7:23  Zerg Flyer Weapons Level 2  
  90  7:26  Overlord x5  
  90  7:37  Extractor  
  90  7:38  Extractor  
  88  7:55  Drone x4  
  88  7:56  Drone  
  93  7:59  Drone  
  94  8:06  Queen  
  94  8:07  Drone  
  97  8:37  Hive, Corruptor x3  
  97  8:38  Corruptor x2  
  107  8:47  Evolution Chamber  
  106  8:49  Overlord x2  
  106  8:54  Spore Crawler  
  105  9:00  Corruptor x3  
  105  9:01  Corruptor x4  
  119  9:04  Overlord x2  
  119  9:09  Overlord  
  119  9:10  Overlord  
  113  10:17  Greater Spire  
  113  10:18  Zerg Flyer Armor Level 2  
  113  10:21  Zerg Ground Armor Level 1  
  113  10:23  Overlord x4  
  113  10:25  Corruptor x6  
  113  10:26  Corruptor x2  
  129  10:55  Hatchery  
  128  11:30  Brood Lord x4  
  128  11:31  Brood Lord x3  
  142  11:33  Brood Lord  
  114  12:53  Corruptor x5  
  114  12:54  Corruptor x7  
  114  12:55  Corruptor  
Show
View Real Time Build Order
Export as new Build Order

Gaziol Terran - Winner!

Build Orders: MMM Bio 

Get SALT Encoding   

  12  0:01  SCV  
  13  0:13  SCV  
  14  0:19  Supply Depot  
  14  0:25  SCV  
  15  0:40  SCV  
  16  0:45  Barracks  
  16  0:52  SCV  
  17  1:16  Command Center  
  17  1:18  SCV  
  17  1:25  Refinery  
  18  1:30  SCV  
  19  1:41  Refinery  
  19  1:42  SCV  
  20  1:48  Marine, Supply Depot  
  21  1:57  SCV  
  22  2:06  Marine  
  23  2:09  SCV  
  23  2:13  Barracks  
  24  2:22  SCV  
  25  2:34  Barracks Reactor, SCV  
  26  2:38  Supply Depot  
  26  2:42  SCV  
  27  2:46  SCV  
  28  2:54  SCV  
  28  2:58  SCV  
  30  3:03  Barracks Reactor  
  30  3:06  SCV, Engineering Bay  
  30  3:10  SCV  
  30  3:12  Marine x2  
  34  3:18  SCV  
  35  3:22  SCV  
  35  3:26  Barracks  
  36  3:33  Supply Depot  
  36  3:40  Missile Turret  
  36  3:43  SCV  
  36  3:46  SCV  
  38  3:55  Marine, SCV  
  39  3:56  Marine  
  39  3:58  SCV  
  39  4:00  Missile Turret  
  42  4:04  Marine, Engineering Bay  
  42  4:06  Marine  
  44  4:14  Barracks Tech Lab  
  44  4:15  Factory  
  44  4:16  Marine  
  45  4:22  Orbital Command  
  45  4:28  Missile Turret  
  45  4:33  SCV  
  46  4:39  Marine  
  46  4:42  Combat Shields  
  47  4:46  SCV  
  47  4:47  Terran Infantry Weapons Level 1  
  47  4:49  Missile Turret  
  47  4:51  Terran Infantry Armor Level 1  
  48  4:58  SCV  
  48  4:59  Armory  
  49  5:00  Factory Tech Lab  
  49  5:04  Starport  
  49  5:10  Planetary Fortress  
  49  5:13  Marine x2  
  51  5:15  Marine  
  51  5:16  Marine  
  51  5:17  Marine  
  54  5:22  Siege Tank  
  57  5:43  Starport Reactor  
  57  5:47  Supply Depot  
  57  5:48  Barracks  
  57  5:54  Marine  
  57  5:55  Marine x4  
  62  6:01  Stimpack  
  62  6:07  Missile Turret  
  62  6:10  Supply Depot  
  62  6:32  Supply Depot  
  62  6:33  Marine  
  62  6:34  Marine x5  
  62  6:38  Barracks  
  68  6:51  Marine x2  
  68  6:54  Marine x3  
  70  6:56  Supply Depot  
  73  7:04  Medivac x2  
  77  7:11  Refinery  
  77  7:17  Marine x2  
  77  7:18  Marine x3  
  77  7:19  Supply Depot  
  77  7:20  Barracks Reactor  
  82  7:28  Terran Infantry Weapons Level 2  
  82  7:32  Terran Infantry Armor Level 2  
  82  7:34  Medivac x2  
  86  7:40  Marine x6  
  86  7:41  Supply Depot  
  92  7:45  Supply Depot  
  92  7:58  Marine x2  
  92  8:02  Marine x5  
  92  8:04  Supply Depot  
  100  8:07  Barracks Reactor  
  100  8:08  Supply Depot  
  100  8:09  Supply Depot  
  99  8:16  Marine x2  
  99  8:17  Medivac x2  
  105  8:20  Marine x5  
  105  8:26  Supply Depot  
  110  8:31  Supply Depot  
  110  8:34  Marine x2  
  112  8:38  Marine x5  
  117  8:44  Siege Tank  
  117  8:48  Marine x2  
  122  8:50  Supply Depot  
  122  8:51  Marine x2  
  124  8:56  Marine x5  
  129  9:05  Marine  
  129  9:06  Marine  
  129  9:09  Marine x2  
  133  9:13  Marine x3, Supply Depot  
  114  9:22  Marine x2  
  114  9:23  Marine x2  
  110  9:27  Marine x2  
  112  9:31  Marine x3  
  115  9:40  Marine x2  
  115  9:41  Marine x2  
  115  9:44  Terran Infantry Weapons Level 3  
  115  9:45  Marine x2  
  121  9:49  Marine x3, Terran Infantry Armor Level 3  
  124  9:58  Marine x2  
  124  9:59  Marine x2  
  128  10:03  Marine x2  
  130  10:07  Marine x3  
  130  10:13  Supply Depot  
  133  10:15  Marine  
  133  10:16  Marine  
  133  10:17  Marine x2, Supply Depot  
  133  10:20  Marine x2  
  139  10:25  Marine x3  
  142  10:30  Medivac  
  142  10:32  Medivac  
  142  10:33  Marine x2  
  142  10:34  Marine  
  142  10:35  Marine  
  150  10:38  Marine x2  
  152  10:42  Marine x3  
  155  10:51  Marine x2  
  155  10:52  Marine  
  155  10:53  Marine  
  159  10:57  Marine x2  
  159  11:00  Marine x2  
  163  11:05  Supply Depot  
  163  11:06  Marine  
  163  11:09  Marine  
  163  11:11  Marine  
  166  11:13  Marine  
  166  11:15  Marine  
  166  11:18  Marine  
  168  11:19  Marine  
  168  11:21  Marine  
  171  11:27  Marine  
  171  11:28  Supply Depot  
  171  11:30  Marine  
  171  11:32  Marine  
  174  11:34  Marine  
  175  11:40  Marine x2  
  175  11:41  Marine  
  175  11:46  Marine x2  
  180  11:48  Marine  
  181  11:54  Supply Depot  
  181  12:10  Marine x4  
  181  12:11  Marine x4  
Show
View Real Time Build Order
Export as new Build Order

WolfMan Protoss 

Build Orders:  

Get SALT Encoding   

  12  1:11  Probe (Chrono Boost)  
  13  1:19  Pylon  
  13  1:21  Probe (Chrono Boost)  
  14  1:32  Probe (Chrono Boost)  
  15  1:39  Pylon  
  15  1:40  Pylon  
  15  1:42  Probe (Chrono Boost)  
  16  1:47  Forge  
  16  1:53  Probe (Chrono Boost)  
  17  2:03  Probe (Chrono Boost)  
  18  2:24  Photon Cannon  
  18  2:27  Assimilator  
  18  2:30  Photon Cannon  
  17  3:07  Photon Cannon  
  17  3:09  Photon Cannon  
  17  3:11  Photon Cannon  
  16  3:16  Probe (Chrono Boost)  
  17  3:27  Probe (Chrono Boost)  
  12  3:37  Probe (Chrono Boost)  
  12  3:49  Photon Cannon  
  12  3:50  Photon Cannon  
  7  4:38  Probe (Chrono Boost)  
  8  4:42  Photon Cannon  
  8  4:48  Probe (Chrono Boost)  
  9  4:59  Probe (Chrono Boost)  
  10  5:09  Probe (Chrono Boost)  
  11  6:34  Assimilator  
  11  8:16  Pylon  
Show
View Real Time Build Order
Export as new Build Order

snacluv Zerg 

Build Orders: Hatch First, Swarm Host 

Get SALT Encoding   

  12  0:02  Drone  
  13  0:10  Drone  
  14  0:17  Overlord  
  14  0:31  Overlord  
  14  0:48  Drone x3  
  17  1:06  Hatchery  
  16  1:15  Drone x2  
  18  1:21  Extractor  
  18  1:24  Spawning Pool  
  16  1:28  Drone  
  17  1:48  Drone x2  
  19  2:00  Extractor, Drone  
  19  2:06  Drone  
  20  2:23  Hatchery  
  20  3:55  Drone x3  
  22  3:56  Drone x3  
  26  4:30  Hatchery  
  25  4:43  Hatchery  
  24  4:51  Drone x6  
  30  4:55  Extractor  
  29  5:06  Drone x2  
  31  5:12  Extractor  
  30  5:15  Drone x2  
  32  5:24  Drone x2  
  34  5:34  Drone x2  
  36  5:41  Lair  
  36  5:53  Drone x3  
  42  5:57  Drone x4  
  43  6:04  Overlord  
  43  6:07  Extractor x2  
  43  6:09  Drone  
  43  6:10  Drone x2  
  44  6:39  Drone x12  
  56  6:51  Extractor, Drone  
  56  6:52  Extractor, Overlord x2, Drone  
  56  7:03  Spire  
  56  7:04  Spire  
  56  7:06  Drone x2  
  56  7:12  Queen x3  
  56  7:15  Drone x6  
  68  7:28  Spore Crawler  
  68  7:29  Spore Crawler  
  67  7:30  Spore Crawler, Drone x4  
  67  7:31  Spore Crawler  
  67  7:32  Spore Crawler  
  67  7:35  Spore Crawler x2  
  65  7:37  Spore Crawler x2  
  65  7:39  Spore Crawler, Drone x3  
  65  7:40  Drone  
  65  7:41  Spore Crawler  
  65  7:46  Spore Crawler  
  65  7:49  Spore Crawler  
  63  7:52  Drone x4  
  67  8:00  Spore Crawler  
  67  8:02  Spore Crawler  
  67  8:03  Spore Crawler x3  
  62  8:06  Drone x7  
  62  8:08  Drone  
  70  8:19  Spore Crawler  
  69  8:25  Drone x3  
  72  8:34  Overlord x5  
  72  8:40  Spore Crawler  
  71  8:45  Infestation Pit  
  70  8:56  Spore Crawler  
  70  8:58  Drone x6  
  70  8:59  Drone x2  
  77  9:10  Spore Crawler  
  77  9:14  Spore Crawler  
  105  9:31  Corruptor  
  105  9:32  Corruptor  
  109  10:02  Burrow  
  109  10:17  Pathogen Glands  
  109  10:21  Hive  
  109  10:26  Zerg Flyer Armor Level 1, Zerg Flyer Weapons Level 1  
  109  10:30  Overlord  
  109  10:31  Overlord x8  
  109  10:53  Infestor  
  109  10:54  Infestor x3  
  117  11:12  Hatchery  
  117  11:13  Neural Parasite  
  136  12:19  Corruptor  
  136  12:20  Corruptor x8  
  116  12:42  Swarm Host  
  116  12:43  Swarm Host x4  
Show
View Real Time Build Order
Export as new Build Order

DiscoPurge Terran 

Build Orders: Command Center First (CC), MMM Bio 

Get SALT Encoding   

  12  0:03  SCV  
  13  0:22  Supply Depot  
  13  0:28  SCV  
  14  0:41  SCV  
  15  0:53  SCV  
  16  1:05  SCV  
  16  1:09  Command Center  
  17  1:24  Barracks  
  17  1:28  SCV  
  18  1:38  Barracks  
  18  1:40  SCV  
  18  1:42  Barracks  
  19  1:52  SCV  
  20  2:02  Refinery  
  20  2:04  SCV  
  20  2:05  Refinery  
  21  2:16  SCV  
  22  2:25  Marine  
  22  2:27  Supply Depot  
  24  2:32  Marine x2  
  26  2:38  Orbital Command  
  26  2:40  Orbital Command  
  25  2:56  Bunker  
  25  2:59  Engineering Bay  
  25  3:03  Marine x3  
  28  3:13  Factory  
  28  3:21  Marine  
  28  3:22  Barracks  
  28  3:26  Marine x2  
  31  3:27  Barracks  
  31  3:36  Supply Depot  
  31  3:38  Marine  
  32  3:45  Barracks Tech Lab  
  32  3:47  Barracks Reactor  
  32  3:58  Supply Depot  
  32  4:02  SCV  
  33  4:05  Factory Tech Lab, SCV  
  34  4:14  SCV  
  34  4:15  Marauder  
  37  4:17  Stimpack  
  37  4:24  Barracks Reactor  
  37  4:25  Barracks Tech Lab  
  37  4:32  Missile Turret x2, Siege Tank  
  37  4:38  SCV  
  41  4:42  Refinery  
  41  4:46  Missile Turret, Refinery  
  41  4:48  Missile Turret  
  41  4:49  Marauder  
  43  4:53  Barracks Reactor  
  43  4:56  Combat Shields  
  43  5:01  SCV  
  44  5:18  Marauder x2  
  44  5:20  Marine x3  
  51  5:22  Marine  
  51  5:28  SCV x2  
  54  5:38  Marine  
  54  5:40  SCV  
  56  5:49  Supply Depot  
  56  5:56  Bunker  
  56  6:03  Marine, Supply Depot  
  56  6:04  Bunker, Marine x4  
  58  6:05  Marine  
  66  6:11  Marauder x2  
  66  6:14  Supply Depot  
  66  6:16  Terran Infantry Weapons Level 1  
  66  6:17  Starport  
  66  6:24  Engineering Bay  
  66  6:27  Missile Turret  
  66  6:28  Armory  
  66  6:33  SCV x2  
  68  6:45  SCV  
  69  6:58  SCV x2  
  71  7:02  Marauder x2  
  71  7:03  Marine x3  
  71  7:07  Starport Reactor  
  78  7:10  SCV  
  77  7:34  Missile Turret x3  
  77  7:39  Missile Turret  
  77  7:43  Missile Turret  
  77  7:46  Missile Turret  
  77  7:52  Missile Turret  
  77  7:54  Missile Turret  
  77  8:23  SCV  
  77  8:24  SCV  
  77  8:25  Marine x5  
  77  8:26  Marine x2  
  86  8:36  Terran Infantry Weapons Level 2  
  86  8:41  Missile Turret  
  86  8:47  Missile Turret  
  86  8:52  Terran Infantry Armor Level 1  
  86  9:01  Missile Turret  
  86  9:24  Marine  
  86  9:26  Marine  
  86  9:27  Missile Turret  
  86  9:28  Marine  
  86  9:42  Supply Depot x3  
  86  9:52  Missile Turret  
  86  9:53  Missile Turret  
  86  9:55  Missile Turret  
  86  10:03  Marine x8, Medivac x2  
  98  10:21  Marine x8  
  101  10:25  Hellion  
  108  10:31  Barracks x2  
  108  10:33  Medivac x2  
  112  10:39  Marine x7  
  112  10:42  Terran Vehicle And Ship Armor Level 1  
  119  10:47  Terran Infantry Armor Level 2, Hellion  
  121  11:03  Medivac x2  
  125  11:06  Marine  
  126  11:36  Medivac x2  
  126  11:37  Hellion  
  91  11:51  Marine  
  91  11:52  Marine  
  90  11:58  Hellion  
  81  12:09  Marine x4  
  81  12:10  Marine x6  
  91  12:26  Marine  
  91  12:27  Marine x4  
  91  12:28  Marine x5  
  101  12:34  Medivac x2  
  105  12:44  Marine  
  105  12:45  Marine x3  
  105  12:49  Marauder x2  
Show
View Real Time Build Order
Export as new Build Order

AKB Terran 

Build Orders:  

Get SALT Encoding   

  12  0:03  SCV  
  13  0:19  Supply Depot  
  13  0:21  SCV  
  14  0:33  SCV  
  15  0:36  Refinery  
  15  0:44  Barracks  
  15  0:48  SCV  
  16  1:00  SCV  
  17  1:06  Refinery  
  17  1:12  SCV  
  17  1:17  Supply Depot  
  18  1:24  SCV  
  19  1:38  SCV  
  20  1:43  Factory  
  20  1:53  Barracks Tech Lab  
  20  1:54  Engineering Bay  
  20  1:57  Supply Depot  
  20  2:00  SCV  
  21  2:12  SCV  
  22  2:24  SCV  
  23  2:43  Command Center  
  23  2:50  Factory Tech Lab  
  23  2:58  Armory  
  23  2:59  Orbital Command  
  23  3:17  Marauder  
  23  3:18  Concussive Shells  
  25  3:24  Factory  
  26  3:27  SCV  
  26  3:28  Supply Depot  
  26  3:39  SCV  
  27  3:50  Thor  
  27  3:52  SCV  
  34  3:55  Orbital Command  
  34  3:58  Refinery  
  34  4:03  Marauder  
  34  4:04  SCV  
  34  4:06  Terran Vehicle And Ship Armor Level 1  
  37  4:10  Supply Depot  
  37  4:11  Factory Tech Lab  
  37  4:26  SCV x2  
  39  4:38  Thor, SCV x2  
  47  4:46  Supply Depot  
  47  4:57  SCV x2  
  49  5:03  Refinery  
  49  5:07  Thor  
  49  5:09  SCV x2  
  58  5:21  SCV x2  
  58  5:28  Barracks Tech Lab  
  59  5:32  Thor  
  65  5:39  SCV x2  
  67  5:51  SCV x2  
  67  5:53  Missile Turret  
  67  5:55  Hi-Sec Auto Tracking  
  69  5:59  Thor  
  69  6:03  SCV  
  69  6:04  Marauder  
  78  6:09  Supply Depot  
  78  6:12  Terran Vehicle Weapons Level 1  
  78  6:30  SCV x2  
  78  6:31  Supply Depot  
  80  6:34  Missile Turret  
  80  6:39  Marauder  
  82  6:43  SCV x2  
  84  6:50  Supply Depot  
  84  6:52  Thor  
  84  6:53  Supply Depot  
  90  6:55  SCV x2  
  92  7:10  Command Center  
  92  7:12  Supply Depot  
  92  7:18  Supply Depot  
  92  7:26  Missile Turret x2  
  92  7:32  Thor  
  92  7:34  Supply Depot  
  98  7:48  Missile Turret  
  98  7:54  Thor  
  98  7:56  Supply Depot  
  104  8:04  Factory  
  104  8:09  Terran Vehicle And Ship Armor Level 2  
  104  8:18  Supply Depot  
  102  8:37  Missile Turret  
  102  8:39  Missile Turret  
  102  8:40  Supply Depot  
  102  8:42  Missile Turret  
  102  8:48  Missile Turret  
  102  8:52  Command Center  
  102  8:58  Thor x2  
  102  9:00  Factory Tech Lab  
  70  9:31  Thor  
  62  9:44  Missile Turret  
  62  9:51  Thor x2  
  74  10:03  Missile Turret  
  74  10:17  Missile Turret  
  74  10:22  Thor  
  80  10:30  Terran Vehicle Weapons Level 2  
  80  10:36  Supply Depot  
  80  10:38  Thor x2  
  92  10:59  Missile Turret  
  92  11:13  Thor  
  98  11:22  Factory  
  98  11:24  Supply Depot  
  98  11:32  Missile Turret  
  98  11:36  Thor  
  98  11:37  Thor  
  98  11:39  Missile Turret  
  110  11:47  Supply Depot  
  110  12:05  Missile Turret  
  104  12:10  Supply Depot  
  56  12:33  Supply Depot  
Tags
 
Add a new tag
Caveats
  • Supply blocks, unpowered buildings, or Contaminate may cause inaccurate times.
  • Supply counts are checked every 10 seconds.